 Dungeon Crawl Stone Soup version 0.25.1-2-g60ff931df9 (webtiles) character file.

Game seed: 2042564068725407438

21 Martska the Changer (level 2, -7/25 HPs)
             Began as a Naga Transmuter on Oct 16, 2020.
             Mangled by a gnoll
             ... wielding a +1 whip of venom
              (11 damage)
             ... on level 1 of the Dungeon.
             The game lasted 00:01:12 (751 turns).

Martska the Changer (Naga Transmuter)                Turns: 751, Time: 00:01:13

Health: -7/25      AC:  1    Str: 12    XL:     2   Next: 83%
Magic:  5/5        EV: 10    Int: 13    God:
Gold:   29         SH:  0    Dex: 11    Spells: 4/5 levels left

rFire    . . .     SeeInvis +   e - +0 dagger
rCold    . . .     Gourm    .   (no shield)
rNeg     . . .     Faith    .   b - +0 robe
rPois    +         Spirit   .   (no helmet)
rElec    .         Reflect  .   (no cloak)
rCorr    .         Harm     .   (no gloves)
MR       .....                  (no barding)
Stlth    +.........             (no amulet)
HPRegen  0.08/turn              (no ring)
MPRegen  0.09/turn              (no ring)

@: short of breath, very slow
A: large, see invisible, deformed body, poison resistance, slowness 2, slow
metabolism 1, spit poison 1, AC +0
a: Spit Poison


You were on level 1 of the Dungeon.
You were not hungry.

You visited 1 branch of the dungeon, and saw 1 of its levels.

You collected 29 gold pieces.

Inventory:

Hand Weapons
 e - a +0 dagger (weapon)
Missiles
 a - 12 arrows
Armour
 b - a +0 robe (worn)
Jewellery
 h - a +4 ring of evasion {unknown}
Scrolls
 c - 2 scrolls of identify {unknown}
 f - a scroll of blinking {unknown}
 g - a scroll of amnesia {unknown}
Potions
 i - 2 potions of mutation {unknown}
Comestibles
 d - a ration
 j - a chunk of flesh


   Skills:
 - Level 1.0 Fighting
 - Level 1.5 Dodging
 - Level 3.0 Unarmed Combat
 - Level 2.0 Spellcasting
 + Level 3.2 Transmutations


You had 4 spell levels left.
You knew the following spells:

 Your Spells              Type           Power        Failure   Level  Hunger
a - Beastly Appendage     Tmut           #.....       7%          1    ##.....

Your spell library contained the following spells:

 Spells                   Type           Power        Failure   Level  Hunger
 Sticks to Snakes         Tmut           #.......     10%         2    ###....
 Spider Form              Tmut/Pois      #.........   36%         3    ####...
 Ice Form                 Ice/Tmut       #.......     78%         4    #####..
 Blade Hands              Tmut           #.........   88%         5    ######.


Dungeon Overview and Level Annotations

Branches:
Dungeon (1/15)

Altars:


Innate Abilities, Weirdness & Mutations

You cannot wear boots.
Your serpentine skin is tough. (AC +0)
You have supernaturally acute eyesight. (SInv)
Armour fits poorly on your strangely shaped body.
Your system is resistant to poisons. (rPois)
You cover ground very slowly.
You have a slow metabolism.
You can spit poison.


Message History

A hobgoblin comes into view.
The gnoll shouts!
The hobgoblin shouts!
The bat hits you.
The hobgoblin moves out of view.
The bat hits you but does no damage. The bat hits you but does no damage.
The gnoll hits you with a +1 whip of venom!
Press: ? - help, Shift-Dir - straight line, f - gnoll
Aim: a gnoll, wielding a +1 whip of venom The splash of poison hits the gnoll.
The gnoll is poisoned.
The gnoll is lightly wounded.
You feel slightly more hungry. The bat hits you.
The gnoll hits you with a +1 whip of venom!
* * * LOW HITPOINT WARNING * * *
The bat hits you but does no damage.
You closely miss the gnoll.
The gnoll is lightly wounded.
The bat hits you.
* * * LOW HITPOINT WARNING * * *
The gnoll hits you with a +1 whip of venom!
You die...

#..#...... .. ..........#
#. #.......... #..
..........# #..
######..........
###..####... .........##
#.........####..........
#.....g........>....#.##
#.....g@....รท....#.##...
#........b.####..#.##..#
#...........###.........
#.#.............##.##...
# #.......#.######.###..
####.##.#.# #.# #.. ..
#.#.# #.# #.. #.# #.#.#
#.# #.. #.. ...


You could see a gnoll (poisoned), a hobgoblin and a bat.

Vanquished Creatures
  A dart slug (D:1)
  2 leopard geckos (D:1)
  2 hobgoblins (D:1)
  6 jackals (D:1)
  2 frilled lizards (D:1)
  2 rats (D:1)
15 creatures vanquished.

Notes
Turn   | Place    | Note
-------+----------+-------------------------------------------
     0 | D:1      | Martska the Naga Transmuter began the quest for the Orb.
     0 | D:1      | Reached XP level 1. HP: 18/18 MP: 3/3
   195 | D:1      | Reached XP level 2. HP: 16/25 MP: 5/5
   751 | D:1      | Mangled by a gnoll

Illustrated notes

Levels and vault maps discovered:
D:1:      dpeg_arrival_boxorama, layout_loops_ring, serial_bayou_pond_d

Skill      XL: |  1  2 |
---------------+-------+-----
Transmutations | 3 |  3.2
Fighting       | |  1.0
Dodging        | |  1.5
Unarmed Combat | |  3.0
Spellcasting   | |  2.0

Action                   || total
-------------------------++-------
Melee: Dagger            ||    25
       Punch             ||     1
 Abil: Spit Poison       ||    12
Armor: Robe              ||     6
Dodge: Dodged            ||    23
